AoeStats
← Grubby

Arabia

509981090Analyzed
1v1 RM · 2d ago on Sep 28, 2026· 35m 33s· 2 players
Game mode
Random Map
Map size
Tiny (2 player)
Population
200
Speed
Normal
Resources
Standard
Victory
Conquest
Starting age
Dark Age
Ending age
Imperial Age
RankedLock teamsTeams togetherTeam positionsShared explorationLock speedFull tech treeHidden civsTurbo modeCheats
Victory
Defeat
🇺🇸 Hindustanis · United States
410
+13
🇳🇱 Chinese · Netherlands
351
-13
Grubby
11:43 Feudal Age
20:06 Castle Age
18:18 Loom
19:50 Scale Barding Armor
19:58 Forging
22:00 Husbandry
22:56 Gold Mining
24:16 Arson
24:37 Double-Bit Axe
25:53 Squires
31:35 Bloodlines
32:59 Wheelbarrow
32:09 Town Watch
33:55 Bow Saw
35:08 Horse Collar
SweatyMalaka330
0:34 Loom
12:12 Feudal Age
13:48 Wheelbarrow
15:10 Double-Bit Axe
21:09 Castle Age
19:42 Gold Mining
20:21 Fletching
20:59 Scale Barding Armor
22:48 Forging
23:22 Bloodlines
24:48 Iron Casting
24:55 Scale Mail Armor
25:22 Horse Collar
29:45 Chain Mail Armor
30:15 Hand Cart
31:06 Gold Shaft Mining
31:16 Squires
32:26 Chain Barding Armor
Connection lost

Rejoining the realm…

Still unreachable

The connection could not be restored.

Session expired

The server has moved on; the page needs a fresh start.